[Event "Team 45 45 League T47"]
[Site "Internet Chess Club"]
[Date "2010.11.17"]
[Round "2"]
[White "viking99"]
[Black "Phosphorus"]
[Result "1-0"]
[WhiteElo "1842"]
[BlackElo "2028"]
[Opening "French: Winawer, advance, Bogolyubov variation"]
[ECO "C17"]
[Time "15:02:23"]
[TimeControl "2700+45"]

1. e4 e6 2. d4 d5 3. Nc3 Bb4 4. e5 c5 5. Bd2 Ne7 6. Nb5 Bxd2+ 7. Qxd2 O-O 8.
O-O-O a6 9. Nd6 cxd4 10. f4 Nbc6 11. Nf3 f6 12. Nxd4 fxe5 13. Nxc6 Nxc6 14. Nxc8
Rxc8 15. fxe5 Nxe5 16. Re1 Qc7 17. Bd3 Rf2 18. Re2 Rcf8 19. Rhe1 Nxd3+ 20. Qxd3
Qf4+ 21. Kd1 Rxe2 22. Qxe2 Rf6 23. g3 Qd4+ 24. Kc1 Kf7 25. Qh5+ Ke7 26. Qxh7 Rf2
27. Kb1 Kd6 28. Qg8 Re2 29. Qd8+ Kc6 30. Qc8+ Kb6 31. Rc1 Qe3 32. a4 Rxh2 33.
a5+ Ka7 34. Qc7 Rg2 35. Rf1 Qd4 36. Rf4 Qd1+ 37. Ka2 Rxc2 38. Qb6+ Kb8 39. Rf8+
Rc8 40. Qd6+ Ka7 41. Rxc8 Qa4+ 42. Qa3 {Black resigns} 1-0

[Event "Team 45 45 League T47"]
[Site "Internet Chess Club"]
[Date "2010.11.14"]
[Round "2"]
[White "bondguy01"]
[Black "Rookmaster"]
[Result "0-1"]
[WhiteElo "1696"]
[BlackElo "1781"]
[Opening "English opening"]
[ECO "A10"]
[Time "21:00:26"]
[TimeControl "2700+45"]

1. c4 d5 2. cxd5 Qxd5 3. Nc3 Qa5 4. Nf3 Nf6 5. g3 Bg4 6. Bg2 Bxf3 7. Bxf3 c6 8.
O-O e5 9. d4 exd4 10. Qxd4 Nbd7 11. Bf4 Bc5 12. Qa4 Qxa4 13. Nxa4 Be7 14. Rfd1
O-O 15. Nc3 Nb6 16. b3 Rad8 17. Bc7 Rxd1+ 18. Rxd1 Nbd7 19. Bd6 Bxd6 20. Rxd6
Rd8 21. Bg2 Kf8 22. f4 Ke7 23. Rd1 Nb6 24. Rxd8 Kxd8 25. h3 Kc7 26. e4 Nfd7 27.
Kf2 Nc5 28. Ke3 f6 29. Kd4 Ne6+ 30. Ke3 Kd6 31. Kd3 Kc5 32. a3 Kd6 33. b4 a6 34.
h4 Nc7 35. Kd4 Nb5+ 36. Nxb5+ axb5 37. e5+ fxe5+ 38. fxe5+ Ke6 39. Bh3+ Ke7 40.
Bf1 Nd7 41. Bd3 h6 42. Bf5 b6 43. Bxd7 Kxd7 44. g4 g5 45. hxg5 hxg5 46. Ke4 Ke6
47. Kd4 Ke7 48. Ke4 c5 49. bxc5 bxc5 50. Kd5 c4 51. Kd4 Ke6 {White resigns} 0-1

[Event "Team 45 45 League T47"]
[Site "Internet Chess Club"]
[Date "2010.11.11"]
[Round "2"]
[White "Kingofknights"]
[Black "Portola"]
[Result "1/2-1/2"]
[WhiteElo "1622"]
[BlackElo "1784"]
[Opening "QGD: Orthodox defense, Rubinstein variation"]
[ECO "D61"]
[Time "19:00:27"]
[TimeControl "2700+45"]

1. d4 d5 2. c4 e6 3. Nc3 Nf6 4. Bg5 Be7 5. e3 O-O 6. Nf3 Nbd7 7. Qc2 a6 8. cxd5
exd5 9. Bd3 c6 10. O-O Qc7 11. Rac1 Bd6 12. g3 Re8 13. Nd2 Qb6 14. Na4 Qa7 15.
a3 Be7 16. Rfd1 Nf8 17. Bxf6 Bxf6 18. b4 Bh3 19. Bf5 Bxf5 20. Qxf5 Ne6 21. Nc5
Rad8 22. Nf3 Qb8 23. e4 dxe4 24. Nxe4 Be7 25. Nc5 Nxc5 26. dxc5 Bf6 27. Qc2 Qc8
28. Rxd8 Rxd8 29. Rd1 Rxd1+ 30. Qxd1 h6 31. Qd3 Qe6 32. Nd2 Be5 33. Nc4 Bf6 34.
Nd6 Qe7 35. a4 Qe1+ 36. Kg2 Qxb4 37. Qc4 Qxc4 38. Nxc4 Bd4 39. Na5 Bxc5 40. Nxb7
Bb4 41. Kf3 a5 42. g4 f6 43. Ke4 Kf8 44. Kd4 Ke8 45. Nc5 Be1 46. f3 Kf7 47. f4
Bb4 48. f5 g6 49. Kc4 h5 50. h3 hxg4 51. hxg4 gxf5 52. gxf5 Ke7 53. Na6 c5 54.
Nxc5 Kd6 55. Nd3 Bd2 56. Kd4 {Game drawn by mutual agreement} 1/2-1/2

[Event "Team 45 45 League T47"]
[Site "Internet Chess Club"]
[Date "2010.11.14"]
[Round "2"]
[White "Lionskins"]
[Black "badmove"]
[Result "1/2-1/2"]
[WhiteElo "1602"]
[BlackElo "1738"]
[Opening "Réti opening"]
[ECO "A06"]
[Time "16:02:33"]
[TimeControl "2700+45"]

1. Nf3 d5 2. e3 Nf6 3. c4 dxc4 4. Bxc4 e6 5. a3 c5 6. Nc3 a6 7. Ne5 b5 8. Qf3
Ra7 9. Be2 Bb7 10. Qf4 Nc6 11. Ng4 Nh5 12. Qf3 Nd4 13. Qh3 Nc2+ 14. Kd1 Nxa1 15.
Qxh5 Nb3 16. Ne5 Qf6 17. Ng4 Qf5 18. Qxf5 exf5 19. Ne5 Bd6 20. Nf3 Bc6 21. Kc2
Na1+ 22. Kb1 Nb3 23. Kc2 Na1+ 24. Kb1 Nb3 25. Kc2 {Game drawn by repetition}
1/2-1/2

[Event "Team 45 45 League T47"]
[Site "Internet Chess Club"]
[Date "2010.11.13"]
[Round "2"]
[White "SlimeDog2"]
[Black "SaltofLife"]
[Result "0-1"]
[WhiteElo "2109"]
[BlackElo "1975"]
[Opening "Nimzo-Indian: classical variation"]
[ECO "E32"]
[Time "14:05:44"]
[TimeControl "2700+45"]

1. d4 Nf6 2. c4 e6 3. Nc3 Bb4 4. Qc2 O-O 5. a3 Bxc3+ 6. Qxc3 d5 7. Nf3 dxc4 8.
Qxc4 b6 9. Bf4 Ba6 10. Qc2 c5 11. dxc5 bxc5 12. Rd1 Qb6 13. Rd6 Qa5+ 14. Nd2
Nbd7 15. e4 Bxf1 16. Kxf1 c4 17. Ke2 Rac8 18. Qc3 Qc5 19. Ra6 Qh5+ 20. f3 Nc5
21. Ra5 Qg6 22. g3 Rfd8 23. Be3 Ncxe4 24. Nxe4 Nxe4 25. fxe4 Qxe4 26. Rf1 Rd3
27. Qc1 Rb8 28. Rf3 Rbb3 29. Rxa7 f6 30. Kf2 c3 31. bxc3 Rdxc3 32. Qd1 Rb2+ 33.
Kg1 Rb1 34. Qxb1 Qxb1+ 35. Kg2 Qe4 {White resigns} 0-1

[Event "Team 45 45 League T47"]
[Site "Internet Chess Club"]
[Date "2010.11.13"]
[Round "2"]
[White "Twan709"]
[Black "sidd2007"]
[Result "0-1"]
[WhiteElo "1785"]
[BlackElo "1733"]
[Opening "Sicilian: Scheveningen variation"]
[ECO "B80"]
[Time "18:00:17"]
[TimeControl "2700+45"]

1. e4 c5 2. Nf3 e6 3. d4 cxd4 4. Nxd4 Nf6 5. Nc3 d6 6. Be3 Nc6 7. f3 Be7 8. Qd2
O-O 9. O-O-O Nxd4 10. Bxd4 a6 11. g4 b5 12. g5 Nd7 13. h4 Rb8 14. Be2 b4 15. Na4
Bb7 16. Rdg1 Bc6 17. b3 Bxa4 18. bxa4 e5 19. Bb2 Qc7 20. Kb1 Nc5 21. h5 Nxa4 22.
g6 Nc3+ 23. Ka1 h6 24. gxf7+ Kh8 25. Rg6 Bg5 26. Rxg5 hxg5 27. h6 g6 28. Qxg5
Qxf7 29. Bxc3 bxc3 30. Bc4 Qxc4 {White resigns} 0-1

[Event "Team 45 45 League T47"]
[Site "Internet Chess Club"]
[Date "2010.11.15"]
[Round "2"]
[White "musk6868"]
[Black "siddhu"]
[Result "0-1"]
[WhiteElo "1842"]
[BlackElo "1835"]
[Opening "Benko's opening"]
[ECO "A00"]
[Time "19:18:15"]
[TimeControl "2700+45"]

1. g3 d5 2. f4 c6 3. Bg2 Nf6 4. Nf3 g6 5. d3 Bg7 6. Nc3 Bg4 7. O-O Bxf3 8. Bxf3
Nbd7 9. e4 dxe4 10. dxe4 Nb6 11. e5 Nfd5 12. Ne4 O-O 13. Nc5 Qc7 14. Qe2 e6 15.
a4 Rfd8 16. a5 Nd7 17. Ne4 b6 18. Bd2 Bf8 19. Qc4 Nc5 20. Nxc5 Bxc5+ 21. Kh1
Rac8 22. Rfe1 Ne7 23. Bb4 Rd4 24. axb6 axb6 25. Qa2 Rxb4 26. c3 Rb5 27. b4 Bxb4
28. cxb4 Rxb4 29. Rec1 Nd5 30. Qd2 Qe7 31. Ra6 Rb3 32. Bg2 Qb4 33. Qxb4 Rxb4 34.
Kg1 c5 35. Kf2 c4 36. Kf3 c3 37. Rc2 Rb2 38. Rc1 c2 39. Raa1 Nb4 40. Bf1 Ra2 41.
Rxa2 Nxa2 42. Ba6 Nxc1 43. Bxc8 Nb3 {White resigns} 0-1

[Event "Team 45 45 League T47"]
[Site "Internet Chess Club"]
[Date "2010.11.14"]
[Round "2"]
[White "Rhel"]
[Black "Cergillio"]
[Result "1-0"]
[WhiteElo "1612"]
[BlackElo "1252"]
[Opening "Queen's pawn"]
[ECO "A40"]
[Time "04:00:27"]
[TimeControl "2700+45"]

1. d4 e6 2. c4 c5 3. d5 exd5 4. cxd5 d6 5. g3 h6 6. Nf3 Nf6 7. Nc3 Bf5 8. Bg2
Be7 9. O-O O-O 10. Nh4 Bh7 11. e4 Re8 12. Re1 Bf8 13. b3 a6 14. Bb2 b5 15. Nf5
Bxf5 16. exf5 Rxe1+ 17. Qxe1 Nbd7 18. Qd2 Qc7 19. Ne2 Re8 20. Nf4 Ne4 21. Qc2
Ndf6 22. f3 Ng5 23. h4 Ngh7 24. a4 Qe7 25. axb5 Qe3+ 26. Kh1 axb5 27. Rd1 Ne4
28. Kh2 Nhf6 29. fxe4 Ng4+ 30. Kh3 Nf2+ 31. Kh2 Nxd1 32. Qxd1 c4 33. bxc4 bxc4
34. Bd4 Qb3 35. Qg4 c3 36. Bxg7 Kh7 37. Nh5 Be7 38. f6 Bd8 39. Qf4 Rh8 40. Qxh6+
{Black resigns} 1-0

[Event "Team 45 45 League T47"]
[Site "Internet Chess Club"]
[Date "2010.11.14"]
[Round "2"]
[White "BlackHorse"]
[Black "charles-allen"]
[Result "1-0"]
[WhiteElo "2011"]
[BlackElo "1848"]
[Opening "Petrov three knights game"]
[ECO "C42"]
[Time "09:00:27"]
[TimeControl "2700+45"]

1. e4 e5 2. Nf3 Nf6 3. Nc3 Bb4 4. Bc4 d6 5. d3 Bxc3+ 6. bxc3 O-O 7. Bg5 Be6 8.
Bb3 Nbd7 9. d4 Bxb3 10. axb3 Qe8 11. dxe5 Nxe4 12. O-O Nxg5 13. Nxg5 Qxe5 14.
Qd2 d5 15. Rfe1 Qd6 16. Rad1 Nf6 17. c4 h6 18. Nf3 dxc4 19. Qc3 Qb6 20. Qxc4
Rad8 21. h3 c6 22. Rxd8 Qxd8 23. Qc5 Re8 24. Rxe8+ Qxe8 25. Qxa7 Qd7 26. Qb8+
Kh7 27. Qe5 Qd1+ 28. Ne1 Qd5 29. Qe3 Qg5 30. f4 Qf5 31. g4 Qe4 32. Qd3 g6 33.
Kf2 Qxf4+ 34. Nf3 Ne4+ 35. Ke2 Nc5 36. Qc3 Qe4+ 37. Kf2 Ne6 38. Qf6 Qf4 39. Qxf4
Nxf4 40. h4 h5 41. g5 Kg7 42. Ke3 Ne6 43. Ke4 f6 44. b4 fxg5 45. hxg5 h4 46. Ke5
Kf7 47. Kd6 Ng7 48. Nxh4 Nf5+ 49. Nxf5 gxf5 50. Ke5 Kg6 51. Kf4 b6 52. c4 {Black
resigns} 1-0

[Event "Team 45 45 League T47"]
[Site "Internet Chess Club"]
[Date "2010.11.15"]
[Round "2"]
[White "j65536d"]
[Black "BuddyT"]
[Result "1-0"]
[WhiteElo "1794"]
[BlackElo "1740"]
[Opening "French: Tarrasch"]
[ECO "C03"]
[Time "21:00:09"]
[TimeControl "2700+45"]

1. e4 e6 2. d4 d5 3. Nd2 a6 4. Bd3 c5 5. c3 Nc6 6. Ne2 dxe4 7. Nxe4 cxd4 8. cxd4
Nge7 9. O-O Nd5 10. a3 Be7 11. b4 O-O 12. Bb2 b6 13. Qd2 Bb7 14. f4 Nf6 15. f5
exf5 16. Rxf5 Nxd4 17. Nxf6+ Bxf6 18. Rxf6 Nxe2+ 19. Qxe2 gxf6 20. Rd1 Qe8 21.
Qg4+ Kh8 22. Bxf6# {Black checkmated} 1-0

[Event "Team 45 45 League T47"]
[Site "Internet Chess Club"]
[Date "2010.11.20"]
[Round "2"]
[White "empire32"]
[Black "ChessicalZ"]
[Result "1-0"]
[WhiteElo "1743"]
[BlackElo "1650"]
[Opening "Alekhine's defense: modern, Alekhine variation"]
[ECO "B05"]
[Time "15:23:34"]
[TimeControl "2700+45"]

1. e4 Nf6 2. e5 Nd5 3. Nf3 d6 4. d4 Bg4 5. c4 Nb6 6. exd6 cxd6 7. Nc3 g6 8. Be2
Bg7 9. O-O O-O 10. h3 Bxf3 11. Bxf3 Nc6 12. c5 dxc5 13. dxc5 Nd7 14. Be3 Rb8 15.
a3 Nce5 16. Be2 Qc8 17. Qc2 a6 18. f4 Nc6 19. Rad1 e6 20. Ne4 Ne7 21. Nd6 Qc7
22. Bc4 Nf5 23. Nxf5 exf5 24. b4 Rfe8 25. Qb3 Re7 26. Bd4 Bxd4+ 27. Rxd4 Rbe8
28. Rfd1 Nb8 29. Rd6 b6 30. cxb6 Re1+ 31. Kh2 Qb7 32. Bd5 Rxd1 33. Qxd1 Qe7 34.
Qd4 g5 35. Qf6 gxf4 36. Qxe7 Rxe7 37. Rd8+ {Black resigns} 1-0

[Event "Team 45 45 League T47"]
[Site "Internet Chess Club"]
[Date "2010.11.11"]
[Round "2"]
[White "Deau"]
[Black "wrimle"]
[Result "1-0"]
[WhiteElo "1577"]
[BlackElo "1482"]
[Opening "Alekhine's defense"]
[ECO "B03"]
[Time "16:00:20"]
[TimeControl "2700+45"]

1. e4 Nf6 2. e5 Nd5 3. d4 d6 4. exd6 exd6 5. g3 Be7 6. Bg2 Nb6 7. Ne2 O-O 8. O-O
c6 9. Qd3 Be6 10. b3 Bd5 11. c4 Bxg2 12. Kxg2 d5 13. Nbc3 Na6 14. a3 Nc7 15. Nf4
Re8 16. Re1 Qd7 17. c5 Nc8 18. b4 Bf8 19. Be3 Ne6 20. Nh3 Ne7 21. a4 g6 22. Ng1
Nf5 23. Nf3 Nxe3+ 24. fxe3 Bh6 25. e4 dxe4 26. Nxe4 Bg7 27. Nd6 Red8 28. Ne5
Bxe5 29. Rxe5 b6 30. Rf1 Rf8 31. d5 Ng7 32. Qf3 bxc5 33. bxc5 cxd5 34. Rxd5 Qxa4
35. Nxf7 Qc6 36. Nh6+ Kh8 37. Qxf8+ Rxf8 38. Rxf8# {Black checkmated} 1-0

[Event "Team 45 45 League T47"]
[Site "Internet Chess Club"]
[Date "2010.11.13"]
[Round "2"]
[White "Panthalassa"]
[Black "Paulkov"]
[Result "0-1"]
[WhiteElo "1988"]
[BlackElo "2272"]
[Opening "KP: Nimzovich defense"]
[ECO "B00"]
[Time "18:00:47"]
[TimeControl "2700+45"]

1. e4 Nc6 2. Nf3 d6 3. d4 Nf6 4. Nc3 Bg4 5. Be2 e6 6. Bg5 Be7 7. h3 Bxf3 8. Bxf3
Nxe4 9. Bxe7 Nxc3 10. Bxd8 Nxd1 11. Bxc7 Nxb2 12. Bxd6 O-O-O 13. Bf4 Rxd4 14.
Be3 Ra4 15. O-O Nc4 16. Bxc6 bxc6 17. Rfd1 Nxe3 18. fxe3 Rd8 19. Rxd8+ Kxd8 20.
Rb1 Kc7 21. Rb2 a5 22. Kf2 Rb4 23. Rb3 Rxb3 24. axb3 Kd6 25. Ke2 Kc5 26. Kd3 Kb4
27. g4 g5 28. Kd4 c5+ 29. Kd3 c4+ 30. bxc4 a4 31. c3+ Kb3 32. c5 a3 33. c6 a2
34. c7 a1=Q 35. c8=Q Qd1+ 36. Ke4 Qd5# {White checkmated} 0-1

[Event "Team 45 45 League T47"]
[Site "Internet Chess Club"]
[Date "2010.11.15"]
[Round "2"]
[White "dkappe"]
[Black "azbycx"]
[Result "0-1"]
[WhiteElo "1914"]
[BlackElo "1896"]
[Opening "King's Indian: East Indian defense"]
[ECO "A48"]
[Time "18:34:15"]
[TimeControl "2700+45"]

1. d4 Nf6 2. Nf3 g6 3. Nc3 d5 4. Bf4 Bg7 5. e3 O-O 6. Be2 c5 7. O-O cxd4 8. exd4
a6 9. Ne5 Nc6 10. Bf3 e6 11. Nxc6 bxc6 12. Na4 Nd7 13. Bd6 Re8 14. Bg4 Nf6 15.
Bc5 Nxg4 16. Qxg4 e5 17. Qd1 exd4 18. Bxd4 Bxd4 19. Qxd4 Re4 20. Qb6 Qd6 21. b3
Rh4 22. g3 Re4 23. Rfe1 Qe5 24. Rxe4 Qxa1+ 25. Kg2 dxe4 26. Qxc6 Bh3+ 27. Kxh3
Qf1+ 28. Kh4 Rb8 29. Qf6 e3 30. Qf4 Re8 31. fxe3 Qg2 32. g4 Re4 33. Qg3 Qxc2 34.
Nb6 Qc5 35. Nc4 Qh5# {White checkmated} 0-1

[Event "Team 45 45 League T47"]
[Site "Internet Chess Club"]
[Date "2010.11.13"]
[Round "2"]
[White "az2112"]
[Black "mindless"]
[Result "1-0"]
[WhiteElo "1738"]
[BlackElo "1771"]
[Opening "French: Tarrasch, closed variation"]
[ECO "C05"]
[Time "12:00:35"]
[TimeControl "2700+45"]

1. e4 e6 2. d4 d5 3. Nd2 Nf6 4. e5 Nfd7 5. Bd3 c5 6. c3 Qb6 7. Ne2 Nc6 8. Nf3
Be7 9. O-O h6 10. b3 cxd4 11. cxd4 Nb4 12. Bb1 a5 13. a3 Nc6 14. Nf4 Rb8 15. Be3
Qa7 16. Qc2 g5 17. Nxe6 fxe6 18. Qg6+ Kd8 19. Qg7 Rf8 20. Qxh6 g4 21. Ng5 Nxd4
22. Bxd4 Qxd4 23. Nxe6+ {Black resigns} 1-0

[Event "Team 45 45 League T47"]
[Site "Internet Chess Club"]
[Date "2010.11.14"]
[Round "2"]
[White "Memphischess"]
[Black "Terte"]
[Result "0-1"]
[WhiteElo "2104"]
[BlackElo "2087"]
[Opening "Sicilian: accelerated fianchetto, Maróczy bind"]
[ECO "B36"]
[Time "10:00:28"]
[TimeControl "2700+45"]

1. e4 c5 2. Nf3 Nc6 3. d4 cxd4 4. Nxd4 g6 5. c4 Nf6 6. Nc3 d6 7. Be2 Nxd4 8.
Qxd4 Bg7 9. Be3 O-O 10. Qd2 a5 11. a4 Be6 12. O-O Nd7 13. f3 Nc5 14. Qc2 Qb6 15.
Rfd1 Qb4 16. Nd5 Bxd5 17. cxd5 Rfc8 18. Ra2 Rc7 19. Bc4 Nxe4 20. b3 Nc3 21. Bd2
Qb6+ 22. Kh1 Nxa2 23. Qxa2 Rac8 {White resigns} 0-1

[Event "Team 45 45 League T47"]
[Site "Internet Chess Club"]
[Date "2010.11.12"]
[Round "2"]
[White "nightly"]
[Black "DARKwizard1"]
[Result "1-0"]
[WhiteElo "1938"]
[BlackElo "2120"]
[Opening "Réti opening"]
[ECO "A04"]
[Time "15:31:37"]
[TimeControl "2700+45"]

1. Nf3 Nc6 2. d4 d6 3. g3 e5 4. dxe5 Nxe5 5. Nxe5 dxe5 6. Qxd8+ Kxd8 7. Bg2 c6
8. O-O Kc7 9. b3 Bf5 10. c4 Bc5 11. Bb2 f6 12. Nc3 Ne7 13. Ne4 Bxe4 14. Bxe4 h5
15. h4 Rag8 16. Rad1 g5 17. hxg5 Rxg5 18. Kg2 Bd6 19. Rh1 f5 20. Bb1 Ng6 21. Bc1
f4 22. Kh3 Rg4 23. Bf5 Rg5 24. Be4 h4 25. g4 Nf8 26. Bf5 b6 27. f3 Nd7 28. Rxd6
Rxf5 29. Rxd7+ Kxd7 30. gxf5 Ke7 31. Rg1 Kf6 32. Rg6+ Kxf5 33. Rxc6 Rg8 34. Ba3
Rg3+ 35. Kh2 h3 36. e4+ Kg5 37. Be7+ Kh5 38. Re6 Rxf3 39. Rxe5+ Kg6 40. Rg5+ Kf7
41. Bd6 Rf2+ 42. Kxh3 Rxa2 43. Bxf4 Rf2 44. Rf5+ Ke6 45. Bb8 Re2 46. Re5+ Kf6
47. Rb5 Ra2 48. Kg4 Ke6 49. Kf4 Rf2+ 50. Ke3 Rf7 51. Re5+ Kd7 52. Bxa7 {Black
resigns} 1-0

[Event "Team 45 45 League T47"]
[Site "Internet Chess Club"]
[Date "2010.11.14"]
[Round "2"]
[White "komaromy31"]
[Black "poni"]
[Result "0-1"]
[WhiteElo "1867"]
[BlackElo "1979"]
[Opening "English: four knights system"]
[ECO "A28"]
[Time "11:15:14"]
[TimeControl "2700+45"]

1. c4 e5 2. Nc3 Nc6 3. Nf3 Nf6 4. d4 exd4 5. Nxd4 Bb4 6. Bg5 O-O 7. e3 h6 8. Bh4
Bxc3+ 9. bxc3 d6 10. Nxc6 bxc6 11. c5 d5 12. Bd3 Qe7 13. O-O Qxc5 14. Bxf6 gxf6
15. Qh5 Kg7 16. Rfc1 Qd6 17. Rab1 Qe5 18. Qh4 Bd7 19. Qg3+ Qxg3 20. hxg3 Rab8
21. Rb4 c5 22. Rh4 c4 23. Bf1 Rb2 24. Rd4 Be6 25. e4 c5 26. Rdd1 dxe4 27. Rd6
Rxa2 28. Rc6 Ra5 29. Re1 f5 30. Rc7 Kf6 31. Rb1 Rc8 32. Rxc8 Bxc8 33. Bxc4 Ra3
34. Rb8 Be6 35. Bb5 Rxc3 36. Rb7 Rb3 37. Bc6 Rxb7 38. Bxb7 Ke5 39. Kf1 Kd4 40.
Ke1 Kc3 {White resigns} 0-1

[Event "Team 45 45 League T47"]
[Site "Internet Chess Club"]
[Date "2010.11.16"]
[Round "2"]
[White "koni"]
[Black "Cryptochess"]
[Result "0-1"]
[WhiteElo "1883"]
[BlackElo "2156"]
[Opening "English: Nimzo-English opening"]
[ECO "A05"]
[Time "13:39:50"]
[TimeControl "2700+45"]

1. Nf3 Nf6 2. c4 e6 3. Nc3 Bb4 4. Qc2 Nc6 5. a3 Bxc3 6. Qxc3 O-O 7. b4 d6 8. Bb2
e5 9. e3 Re8 10. Be2 Ne4 11. Qc2 Bf5 12. d3 Nf6 13. e4 Bg4 14. O-O Nh5 15. b5
Ne7 16. h3 Bxf3 17. Bxf3 Nf4 18. d4 Neg6 19. Rad1 Nh4 20. Qb3 Qg5 21. g3 Nxh3+
22. Kh2 Nxf3+ 23. Qxf3 Qh6 24. Kg2 Ng5 25. Qg4 Qg6 26. dxe5 Rad8 27. f3 dxe5 28.
Bxe5 Rxd1 29. Rxd1 h5 30. Qf4 Qe6 31. Qxg5 Qxe5 32. Qxe5 Rxe5 33. Rd8+ Kh7 34.
Rd5 f6 35. Kf2 Kg6 36. Ke3 Kf7 37. f4 Rxd5 38. exd5 g5 39. fxg5 fxg5 40. c5 Kf6
41. a4 Ke5 42. d6 cxd6 43. c6 bxc6 44. bxc6 Ke6 45. Ke4 d5+ 46. Kd4 Kd6 47. c7
Kxc7 48. Kxd5 h4 49. gxh4 gxh4 50. Ke4 Kb6 51. Kf4 Ka5 52. Kg4 Kxa4 53. Kxh4 Kb3
{White resigns} 0-1

[Event "Team 45 45 League T47"]
[Site "Internet Chess Club"]
[Date "2010.11.13"]
[Round "2"]
[White "Chatica"]
[Black "chess9793"]
[Result "1-0"]
[WhiteElo "2083"]
[BlackElo "2036"]
[Opening "Sicilian: closed, 2...Nc6"]
[ECO "B23"]
[Time "22:01:46"]
[TimeControl "2700+45"]

1. e4 c5 2. Nc3 Nc6 3. Bb5 e5 4. Bxc6 dxc6 5. d3 Bd6 6. Nge2 Ne7 7. O-O Ng6 8.
Ng3 O-O 9. Be3 b6 10. Nf5 Bc7 11. Qg4 Be6 12. Ne2 Qd7 13. Neg3 f6 14. Nh5 Rf7
15. b3 Bxf5 16. Qxf5 Qxf5 17. exf5 Ne7 18. Ng3 Nd5 19. a4 a5 20. h4 g6 21. h5
Ne7 22. fxg6 hxg6 23. hxg6 Nxg6 24. Nf5 Rd7 25. g4 Ne7 26. Nh6+ Kh7 27. Kg2 Kg6
28. Rh1 Rdd8 29. Rh5 Nd5 30. Rah1 Rd7 31. Nf5 Rad8 32. Rh6+ Kf7 33. Bd2 Ke6 34.
f3 Nb4 35. Bxb4 cxb4 36. Ng3 Rg8 37. R1h5 Rdg7 38. Ne4 Bd8 39. Rf5 Rg6 40. Rh7
R6g7 41. Rh1 Rf8 42. Rh6 b5 43. Kf1 Be7 44. Ke2 Rgg8 45. d4 Rh8 46. Rxe5+ Kf7
47. Rxh8 Rxh8 48. Rf5 bxa4 49. bxa4 Rd8 50. Rxa5 Rxd4 51. Ra7 Rd8 52. a5 Ke6 53.
a6 c5 54. Rc7 Ra8 55. a7 Bd8 56. Rb7 Be7 57. Kd3 Bd8 58. Rb8 Rxa7 59. Rxd8 Ra3+
60. c3 Ke7 61. Rc8 bxc3 62. Nxc3 Kd6 63. Kc4 Ra1 64. Rxc5 Ke6 65. Rf5 Ra6 66.
Ne4 Ke7 67. Rxf6 Ra4+ 68. Kd3 Rxe4 69. Kxe4 Kxf6 70. Kd5 Kg5 71. Ke6 Kg6 {Black
resigns} 1-0

[Event "Team 45 45 League T47"]
[Site "Internet Chess Club"]
[Date "2010.11.14"]
[Round "2"]
[White "AndreMorais"]
[Black "leland"]
[Result "1/2-1/2"]
[WhiteElo "1893"]
[BlackElo "1830"]
[Opening "French: Rubinstein variation"]
[ECO "C03"]
[Time "16:00:35"]
[TimeControl "2700+45"]

1. e4 e6 2. d4 d5 3. Nd2 dxe4 4. Nxe4 Nd7 5. Nf3 Ngf6 6. Nxf6+ Nxf6 7. Bd3 Be7
8. Qe2 b6 9. O-O Bb7 10. c3 O-O 11. Re1 c5 12. Bf4 Qd5 13. Be5 Rac8 14. Bc2 c4
15. Bxf6 Bxf6 16. Qe4 Qxe4 17. Bxe4 Bd5 18. Bxd5 exd5 19. Re3 Rfe8 20. Rae1 Kf8
21. Ne5 Re7 22. Ng4 Bg5 23. Rxe7 Bxe7 24. Ne3 Rd8 25. Nf5 Bf6 26. Kf1 g6 27. Ne3
Bg5 28. g3 f5 29. f4 Bf6 {Game drawn by mutual agreement} 1/2-1/2

[Event "Team 45 45 League T47"]
[Site "Internet Chess Club"]
[Date "2010.11.13"]
[Round "2"]
[White "PHILOCHESS"]
[Black "Uwak"]
[Result "1-0"]
[WhiteElo "2089"]
[BlackElo "2264"]
[Opening "Queen's pawn game"]
[ECO "A45"]
[Time "03:00:06"]
[TimeControl "2700+45"]

1. d4 Nf6 2. c3 g6 3. e3 Bg7 4. Bd3 O-O 5. Nf3 d6 6. O-O Nbd7 7. Nbd2 e5 8. Qc2
Re8 9. Re1 b6 10. Bf1 e4 11. Ng5 Bb7 12. Be2 h6 13. Nh3 c5 14. Nf4 cxd4 15. cxd4
Rc8 16. Qb3 g5 17. Nh5 Bd5 18. Qa3 Nxh5 19. Bxh5 Qc7 20. Nf1 Nf6 21. Be2 Qd7 22.
Bd2 Bc4 23. Bxc4 Rxc4 24. Rac1 Rec8 25. Rxc4 Rxc4 26. Rc1 Rxc1 27. Bxc1 d5 28.
b3 Qc6 29. Bd2 a5 30. Qb2 Bf8 31. Ng3 h5 32. Ne2 h4 33. Qc1 Qd7 34. Nc3 h3 35.
g3 Qf5 36. Qd1 Bb4 37. Be1 Bxc3 38. Bxc3 g4 39. b4 axb4 40. Bxb4 Qd7 41. Qc2 Nh7
42. Bd6 Ng5 43. Be5 f6 44. Bxf6 Qb5 45. Bxg5 {Black resigns} 1-0

[Event "Team 45 45 League T47"]
[Site "Internet Chess Club"]
[Date "2010.11.16"]
[Round "2"]
[White "D10S"]
[Black "MikeA"]
[Result "1-0"]
[WhiteElo "1984"]
[BlackElo "2139"]
[Opening "QGD Slav: exchange variation, 6.Bf4 Bf5"]
[ECO "D14"]
[Time "11:00:11"]
[TimeControl "2700+45"]

1. Nf3 d5 2. d4 c6 3. c4 Nf6 4. cxd5 cxd5 5. Nc3 Nc6 6. Bf4 Bf5 7. e3 e6 8. Bb5
Bd6 9. Qa4 Qc7 10. Bxd6 Qxd6 11. Ne5 O-O 12. Bxc6 bxc6 13. Qxc6 Qxc6 14. Nxc6
Bd3 15. Kd2 Bc4 16. b3 Ba6 17. Nb4 Bb7 18. Nd3 Rfc8 19. Nc5 Bc6 20. Rhc1 Rab8
21. Rc2 a5 22. Rac1 h5 23. f3 g6 24. N3a4 Bb5 25. Nb2 Rc6 26. a4 Ba6 27. Nxa6
Rxa6 28. Rc8+ Rxc8 29. Rxc8+ Kg7 30. Nd3 Ra7 31. Nc5 g5 32. Kc3 h4 33. b4 axb4+
34. Kxb4 {Black resigns} 1-0

[Event "Team 45 45 League T47"]
[Site "Internet Chess Club"]
[Date "2010.11.13"]
[Round "2"]
[White "GreatPelle"]
[Black "parpin"]
[Result "1/2-1/2"]
[WhiteElo "2022"]
[BlackElo "1856"]
[Opening "Caro-Kann: advance variation"]
[ECO "B12"]
[Time "02:00:13"]
[TimeControl "2700+45"]

1. d4 d5 2. e4 c6 3. e5 Bf5 4. Ne2 e6 5. Ng3 Bg6 6. h4 h6 7. h5 Bh7 8. Bd3 Bxd3
9. cxd3 Nd7 10. O-O c5 11. dxc5 Bxc5 12. d4 Bb6 13. Qg4 Kf8 14. Nc3 a6 15. b3
Ne7 16. Ba3 Ba5 17. Nce2 b5 18. Bd6 Bc7 19. f4 Kg8 20. Bxc7 Qxc7 21. f5 exf5 22.
Nxf5 Nxf5 23. Qxf5 Nf8 24. Rac1 Qe7 25. Rc5 Qe6 26. Rc7 f6 27. exf6 gxf6 28. Qd3
Rh7 29. Rxh7 Nxh7 30. Qg6+ Kh8 31. Nf4 Qe3+ 32. Kh1 Qxd4 33. Qxh6 Qe4 34. Ng6+
Kg8 35. Rf4 Qe3 36. Nh4 Kh8 37. Ng6+ Kg8 38. Nh4 Kh8 39. Nf5 Qe1+ 40. Kh2 Rg8
41. Nh4 Qg3+ 42. Kg1 Qe1+ 43. Kh2 Qg3+ 44. Kh1 Qe1+ 45. Kh2 Qg3+ 46. Kg1 Qe1+
47. Kh2 Qg3+ 48. Kg1 Qe1+ 49. Kh2 {Game drawn by repetition} 1/2-1/2

[Event "Team 45 45 League T47"]
[Site "Internet Chess Club"]
[Date "2010.11.14"]
[Round "2"]
[White "easycure"]
[Black "ElCreyente"]
[Result "1-0"]
[WhiteElo "2343"]
[BlackElo "2205"]
[Opening "King's Indian: orthodox, Aronin-Taimanov, bayonet attack"]
[ECO "E97"]
[Time "16:00:40"]
[TimeControl "2700+45"]

1. d4 Nf6 2. c4 g6 3. Nc3 Bg7 4. e4 d6 5. Nf3 O-O 6. Be2 e5 7. O-O Nc6 8. d5 Ne7
9. b4 a5 10. Ba3 b6 11. bxa5 Rxa5 12. Bb4 Ra8 13. a4 Ne8 14. Nb5 f5 15. Nd2 Bh6
16. Bd3 Nf6 17. Re1 Ng4 18. Re2 Nxf2 19. Rxf2 Be3 20. Nf3 fxe4 21. Bxe4 Rf4 22.
Qc2 Bf5 23. Nc3 c5 24. Ba3 Bxe4 25. Nxe4 Nf5 26. Bc1 Nd4 27. Nxd4 {Black
resigns} 1-0